 Dungeon Crawl Stone Soup version 0.25-a0-610-gd0df705f03 (webtiles) character file.

Game seed: 12472129557681533379, levelgen mode: deterministic

5854 Lugonue the Carver (level 10, -5/93 HPs)
             Began as a Minotaur Gladiator on Mar 16, 2020.
             Was a High Priest of Okawaru.
             Slain by an orc warrior
             ... wielding a +0 war axe
              (12 damage)
             ... on level 8 of the Dungeon.
             The game lasted 00:11:38 (5019 turns).

Lugonue the Carver (Minotaur Gladiator)             Turns: 5019, Time: 00:11:39

Health: -5/93      AC: 12    Str: 22    XL:     10   Next: 52%
Magic:  10/10      EV: 14    Int: 10    God:    Okawaru [*****.]
Gold:   347        SH:  0    Dex: 12    Spells: 9/9 levels left

rFire    . . .     SeeInvis .   a - +0 long sword
rCold    . . .     Gourm    .   (no shield)
rNeg     . . .     Faith    .   p - +1 scale mail "Duczos" {MR+ Int+5}
rPois    .         Spirit   .   c - +1 hat
rElec    .         Reflect  .   (no cloak)
rCorr    .         Harm     .   (no gloves)
MR       ++...     Rnd*Tele +   q - +1 pair of boots {Fly}
Stlth    ..........             (no amulet)
HPRegen  0.25/turn              t - ring of protection from magic
MPRegen  0.12/turn              G - ring of teleportation (curse)

@: no status effects
A: retaliatory headbutt, horns 2
a: Heroism, Finesse, Renounce Religion, Evoke Flight


You were on level 8 of the Dungeon.
You worshipped Okawaru.
Okawaru was extremely pleased with you.
You were very hungry.

You visited 2 branches of the dungeon, and saw 9 of its levels.
You also visited: Sewer.

You collected 347 gold pieces.

Inventory:

Hand Weapons
 a - a +0 long sword (weapon)
Missiles
 d - 4 throwing nets
 w - 5 datura-tipped darts
 F - 2 boomerangs
 I - 4 silver javelins (quivered)
Armour
 c - a +1 hat (worn)
 p - the +1 scale mail "Duczos" (worn) {MR+ Int+5}
   (You found it in a sewer)

   It affects your intelligence (+5).
   It affects your resistance to hostile enchantments.
 q - a +1 pair of boots of flying (worn)
Jewellery
 e - an uncursed ring of ice
 t - a ring of protection from magic (left hand)
 x - an uncursed ring of resist corrosion {unknown}
 E - an uncursed ring of fire
 G - a cursed ring of teleportation (right hand)
Wands
 v - a wand of flame (7)
 z - a wand of iceblast (29)
 A - a wand of disintegration (10)
 D - a wand of enslavement (1)
 L - a wand of polymorph (14)
Scrolls
 g - 2 scrolls of enchant armour
 o - a scroll of immolation
 r - 6 scrolls of identify
 y - 4 scrolls of teleportation
 B - 2 scrolls of magic mapping
 K - a scroll of enchant weapon {unknown}
Potions
 b - 2 potions of cancellation
 h - 3 potions of degeneration {unknown}
 i - 6 potions of heal wounds {unknown}
 j - 2 potions of stabbing {unknown}
 k - a potion of might
 m - 4 potions of curing {unknown}
 n - 2 potions of brilliance {unknown}
 s - 3 potions of haste {unknown}
 u - a potion of lignification {unknown}
 C - 2 potions of ambrosia {unknown}
 H - a potion of berserk rage {unknown}
 J - a potion of mutation {unknown}
Comestibles
 f - 12 rations


   Skills:
 * Level 10.0 Fighting
 + Level 11.5 Long Blades
 + Level 4.6 Throwing
 + Level 6.7 Armour
 * Level 7.9 Dodging
 + Level 0.8 Stealth
 + Level 1.5 Invocations
 + Level 0.3 Evocations


You had 9 spell levels left.
You didn't know any spells.
Your spell library was empty.

Dungeon Overview and Level Annotations

Branches:
Dungeon (8/15)             Temple (1/1) D:4           Sewer (visited)
   Lair: D:8-11

Altars:
Ashenzari
Cheibriados
Elyvilon
Gozag
Hepliaklqana
Kikubaaqudgha
Nemelex Xobeh
Okawaru
Ru
Vehumet
Wu Jian
Xom
Yredelemnul
Zin
The Shining One

Shops:
D:4 :   D:5 (   D:6 [

Annotations:
D:7 1 runed translucent door, XanderDroid's ghost, novice GrEE


Innate Abilities, Weirdness & Mutations

You reflexively headbutt those who attack you in melee.
You have a pair of horns on your head.


Message History

The orc warrior is almost dead.
The orc warrior hits you with a +0 war axe!
* * * LOW HITPOINT WARNING * * *
You hit the orc warrior.
You headbutt the orc warrior, but do no damage.
The orc warrior is almost dead.
The orc closely misses you. You furiously retaliate!
You headbutt the orc, but do no damage.
You riposte.
You hit the orc.
The orc is heavily wounded.
The orc warrior hits you with a +0 war axe!
* * * LOW HITPOINT WARNING * * *
Okay, then.
Unknown command.
Okay, then.
Unknown command.
The orc throws a boomerang.
The boomerang closely misses you.
The weapon returns to the orc!
It was a potion of cancellation.
You feel magically purged.
The orc warrior hits you with a +0 war axe!
You die...

######## #......#####
#.)≈≈...≈≈≈# #oo##)''##≈#
####### #@≈#...?.#
......# #.≈#.((..#
<..##.##########.≈#.(...#
....#...)........≈#$.$.[#
##..##...........≈#.(.(.#
##..##.####.#####≈#######
.....).####.# #≈≈≈≈≈≈≈≈
##........#.# #.#######
#.######.#.# #.#


You could see an orc warrior and an orc.

Vanquished Creatures
  2 two-headed ogres (D:8)
  Pikel (D:4)
  3 hippogriffs
  A spriggan (D:8)
  A hungry ghost (D:7)
  A wyvern (D:8)
  Menkaure (D:7)
  A water moccasin (D:6)
  An orc warrior (D:8)
  An ice beast (D:7)
  4 slaves (D:4)
  2 sky beasts
  5 ogres
  3 phantoms
  4 centaurs
  2 big kobolds (Sewer)
  A scorpion (D:7)
  6 killer bees (D:7)
  2 howler monkeys (D:6)
  2 crimson imps
  A bullfrog zombie (D:8)
  A jelly (D:8)
  2 bullfrog skeletons
  3 hounds
  7 orc priests
  6 orc wizards
  An iguana (D:7)
  3 worker ants
  A howler monkey zombie (D:7)
  A hound skeleton (D:5)
  A howler monkey skeleton (D:6)
  6 adders
  6 gnolls (D:5)
  3 shadow imps
  3 oozes
  An adder zombie (D:7)
  An adder skeleton (D:7)
  2 worms
  A dart slug (D:1)
  3 leopard geckos
  33 orcs
  6 giant cockroaches
  3 goblins
  A hobgoblin (D:1)
  11 jackals
  15 kobolds
  4 quokkas
  2 ball pythons
  A ball python skeleton (D:4)
  3 bats
  7 frilled lizards
  2 leopard gecko skeletons
  A leopard gecko zombie (D:7)
  2 quokka skeletons
  A quokka zombie (D:6)
  8 rats
197 creatures vanquished.

Vanquished Creatures (collateral kills)
  A scorpion (D:8)
  An orc priest (D:8)
2 creatures vanquished.

Grand Total: 199 creatures vanquished

Notes
Turn   | Place    | Note
-------+----------+-------------------------------------------
     0 | D:1      | Lugonue the Minotaur Gladiator began the quest for the Orb.
     0 | D:1      | Reached XP level 1. HP: 18/18 MP: 0/0
     0 | D:1      | Noticed a troll
     0 | D:1      | Noticed a vine stalker
     2 | D:1      | Noticed a centaur
     4 | D:1      | Noticed a draconian
     5 | D:1      | Noticed an ogre
     6 | D:1      | Noticed a centaur
     7 | D:1      | Noticed a gargoyle
    12 | D:1      | Noticed a centaur
    12 | D:1      | Noticed an ogre
    14 | D:1      | Noticed an octopode
    14 | D:1      | Noticed a draconian
    16 | D:1      | Noticed a gargoyle
    16 | D:1      | Noticed a felid
    18 | D:1      | Noticed a felid
    18 | D:1      | Noticed a vampire
    20 | D:1      | Noticed a minotaur
   126 | D:1      | Reached XP level 2. HP: 25/25 MP: 1/1
   178 | D:2      | Reached skill level 4 in Long Blades
   371 | D:4      | Reached XP level 3. HP: 26/30 MP: 2/2
   377 | D:4      | Reached XP level 4. HP: 34/38 MP: 3/3
   381 | D:4      | Reached skill level 5 in Long Blades
   409 | D:4      | Found a glowing drain.
   413 | Sewer    | Entered a sewer
   427 | Sewer    | Reached skill level 1 in Armour
   430 | Sewer    | Noticed a big kobold
   438 | Sewer    | Killed a big kobold
   438 | Sewer    | Reached XP level 5. HP: 30/45 MP: 4/4
   598 | Sewer    | Got a faintly humming scale mail
   609 | Sewer    | Identified the +1 scale mail "Duczos" {MR+ Int+5} (You
                  | found it in a sewer)
   739 | D:4      | Reached skill level 6 in Long Blades
   739 | D:4      | Reached XP level 6. HP: 51/51 MP: 5/5
   770 | D:5      | Entered Level 5 of the Dungeon
   770 | D:5      | Found Teaheiv's Antique Weapon Emporium.
  1118 | D:4      | Noticed a slave
  1118 | D:4      | Noticed a slave
  1122 | D:4      | Noticed a slave
  1133 | D:4      | Killed a slave
  1153 | D:4      | Killed a slave
  1161 | D:4      | Killed a slave
  1341 | D:4      | Found a staircase to the Ecumenical Temple.
  1354 | Temple   | Entered the Ecumenical Temple
  1378 | Temple   | Became a worshipper of Warmaster Okawaru
  1405 | D:4      | Found a shattered altar of Ashenzari.
  1405 | D:4      | Found a faded altar of an unknown god.
  1412 | D:4      | Found a sacrificial altar of Ru.
  1414 | D:4      | Found a faded altar of an unknown god.
  1416 | D:4      | Found a sparkling altar of Nemelex Xobeh.
  1480 | D:4      | Found Xiorat's Book Boutique.
  1662 | D:4      | Noticed a slave
  1665 | D:4      | Noticed Pikel
  1681 | D:4      | Killed a slave
  1695 | D:4      | Killed Pikel
  1695 | D:4      | Reached * piety under Okawaru
  1695 | D:4      | Reached ** piety under Okawaru
  1695 | D:4      | Reached skill level 5 in Fighting
  1695 | D:4      | Reached skill level 7 in Long Blades
  1695 | D:4      | Reached skill level 5 in Dodging
  1695 | D:4      | Reached XP level 7. HP: 24/61 MP: 6/6
  1997 | D:4      | Found an ornate altar of the Wu Jian Council.
  2313 | D:5      | Reached XP level 8. HP: 27/69 MP: 3/7
  2628 | D:5      | Found a white marble altar of Elyvilon.
  2738 | D:5      | Reached skill level 8 in Long Blades
  2971 | D:6      | Found a shimmering altar of Xom.
  2992 | D:6      | Reached *** piety under Okawaru
  3192 | D:6      | Found Hayf's Antique Armour Boutique.
  3243 | D:6      | Reached skill level 9 in Long Blades
  3285 | D:6      | Found a snail-covered altar of Cheibriados.
  3548 | D:7      | Reached XP level 9. HP: 32/79 MP: 6/8
  3733 | D:7      | Noticed Menkaure
  3738 | D:7      | Killed Menkaure
  3738 | D:7      | Reached **** piety under Okawaru
  3768 | D:7      | Found a radiant altar of Vehumet.
  3897 | D:7      | Found an ancient bone altar of Kikubaaqudgha.
  3902 | D:7      | Reached skill level 10 in Long Blades
  3904 | D:7      | Reached skill level 5 in Armour
  4113 | D:7      | Found a runed translucent door.
  4113 | D:7      | Noticed XanderDroid's ghost (novice GrEE)
  4328 | D:8      | Noticed a two-headed ogre
  4337 | D:8      | Killed a two-headed ogre
  4337 | D:8      | Reached ***** piety under Okawaru
  4337 | D:8      | Reached skill level 11 in Long Blades
  4337 | D:8      | Reached skill level 1 in Invocations
  4337 | D:8      | Reached XP level 10. HP: 66/91 MP: 6/9
  4472 | D:8      | Received a gift from Okawaru
  4502 | D:8      | Noticed a two-headed ogre
  4510 | D:8      | Killed a two-headed ogre
  4570 | D:8      | Received a gift from Okawaru
  4999 | D:8      | Reached skill level 10 in Fighting
  5019 | D:8      | Slain by an orc warrior

Levels and vault maps discovered:
D:1:      shiori_arrival_whats_in_store_for_you, layout_basic
D:2:      minmay_recursive_quarters, layout_rooms, dancing_weapons_uskayaw,
          first_ration, uniq_terence
D:3:      layout_basic, overflow_temple_1_default,
          hangedman_decor_diamond_cutter, grunt_ministairs_12,
          kennysheep_generic_room_16
D:4:      layout_cave_pods, lemuel_crystal_altar,
          chequers_temple_overflow_minitemple, temple_fountains,
          gup_sewer_entry_bowl, serial_shops, kennysheep_mini, uniq_pikel
D:5:      layout_rooms, lemuel_coloured_pillars_altar, serial_shops,
          nicolae_shop_competitors_out_of_business
D:6:      layout_rooms, lemuel_round_altar, old_standard_altar, serial_shops,
          nicolae_shop_behind_doors
D:7:      layout_basic, vehumet_crystals, nicolae_overflow_crystal_walls,
          serial_curves, eino_curves_03, eino_curves_04, eino_curves_01,
          gammafunk_ghost_grave, chequers_serial_rivers_micro_c, uniq_menkaure
D:8:      layout_loops_ring, chequers_serial_rivers_small_b, the_bakery,
          minmay_orc_keep
Temple:   eino_wide_crystal_templ

Skill      XL: |  1  2  3  4  5  6  7  8  9 10 |
---------------+-------------------------------+-----
Long Blades    | 4 5 6 7 9 11 | 11.5
Fighting       | 3 5 7 9 10 | 10.0
Dodging        | 4 5 6 7 |  7.9
Armour         | 1 2 3 4 6 |  6.7
Throwing       | 3 4 |  4.6
Invocations    | 1 |  1.5
Stealth        | |  0.8
Evocations     | |  0.3

Action                   |  1- 3 |  4- 6 |  7- 9 | 10-12 || total
-------------------------+-------+-------+-------+-------++-------
Melee: Long sword        |    34 |   125 |   255 |    79 ||   493
       Headbutt          |     8 |    24 |    55 |    24 ||   111
       Punch             |       |       |     4 |     1 ||     5
Throw: Boomerang         |       |       |    18 |    48 ||    66
       Javelin           |       |       |       |     3 ||     3
Invok: Heroism           |       |       |    10 |     4 ||    14
 Abil: Stop Flying       |       |       |     2 |       ||     2
       Evoke Flight      |       |       |     1 |       ||     1
Evoke: Wand              |       |       |       |     4 ||     4
  Use: Scroll            |     3 |     2 |       |     5 ||    10
       Potion            |       |       |     1 |     1 ||     2
  Eat: Ration            |       |     1 |     1 |       ||     2
       Chunk             |       |       |     6 |     2 ||     8
Armor: Leather armour    |    11 |    14 |       |       ||    25
       Scale mail        |       |    37 |    68 |    24 ||   129
Dodge: Dodged            |    39 |   123 |   130 |    57 ||   349
       Rpst.: Long sword |    14 |    23 |    42 |    14 ||    93

Table legend:
 A = Non-vault XP
 B = Vault XP
 C = Vault XP percentage of total XP
 D = Non-vault monster count
 E = Vault monster count
 F = Vault count percentage of total count
                 A         B        C        D         E       F
            +---------+---------+-------+---------+---------+-------
      Total |    6924 |    1439 |  17.2 |     155 |      40 |  20.5
            +---------+---------+-------+---------+---------+-------
        D:1 |      17 |       0 |   0.0 |      11 |       0 |   0.0
        D:2 |       9 |       0 |   0.0 |       5 |       0 |   0.0
        D:3 |       5 |       7 |  58.3 |       4 |       2 |  33.3
        D:4 |     170 |     669 |  79.7 |      11 |       5 |  31.2
        D:5 |     504 |       0 |   0.0 |      29 |       0 |   0.0
        D:6 |     719 |       0 |   0.0 |      23 |       0 |   0.0
        D:7 |    2084 |     165 |   7.3 |      43 |       1 |   2.3
        D:8 |    3416 |     356 |   9.4 |      29 |       8 |  21.6
      Sewer |       0 |     242 | 100.0 |       0 |      24 | 100.0
            +---------+---------+-------+---------+---------+-------
